 Dungeon Crawl Stone Soup version 0.27-a0-1256-gced786f65e (webtiles) character file.

Game seed: 16753452793599837299

2179 tilp the Summoner (level 9, -3/65 HPs)
             Began as a Barachi Summoner on June 10, 2021.
             Was an Elder of Okawaru.
             Slain by a killer bee (5 damage)
             ... on level 8 of the Dungeon.
             The game lasted 00:16:09 (11244 turns).

tilp the Summoner (Barachi Summoner)               Turns: 11244, Time: 00:16:10

Health: -3/65      AC: 11    Str: 13    XL:     9   Next: 33%
Magic:  15/25      EV: 12    Int: 21    God:    Okawaru [****..]
Gold:   569        SH:  0    Dex: 13    Spells: 4/17 levels left

rFire    + . .     SeeInvis .   a - +1 morningstar (drain)
rCold    . . .     Faith    +   (no shield)
rNeg     . . .     Spirit   .   w - +1 leather armour {rF+}
rPois    .         Reflect  .   i - +1 helmet
rElec    .         Harm     .   u - +1 cloak
rCorr    .         Rampage  .   (no gloves)
Will     .....                  s - +2 pair of boots
Stlth    ++........             c - amulet of faith
HPRegen  0.20/turn              j - ring of magical power
MPRegen  0.19/turn              d - +6 ring of intelligence

@: lethally poisoned (-3 -> -10), unable to hop, slow
A: amphibious, slowness 1, strong legs 1, +LOS
a: Hop, Renounce Religion, Heroism


You were on level 8 of the Dungeon.
You worshipped Okawaru.
Okawaru was greatly pleased with you.
You visited 2 branches of the dungeon, and saw 9 of its levels.
You also visited: Sewer.

You collected 569 gold pieces.

Inventory:

Hand Weapons
 a - a +1 morningstar of draining (weapon)
Missiles
 l - 8 poisoned darts (quivered)
Armour
 i - a +1 helmet (worn)
 q - a +1 robe of willpower
 s - a +2 pair of boots (worn)
 u - a +1 cloak (worn)
 w - a +1 leather armour of fire resistance (worn)
Jewellery
 c - an amulet of faith (around neck)
 d - a +6 ring of intelligence (right hand)
 j - a ring of magical power (left hand)
Wands
 n - a wand of flame (33)
 o - a wand of polymorph (8)
Scrolls
 m - 2 scrolls of magic mapping
 t - a scroll of amnesia {unknown}
 v - a scroll of fog
 x - a scroll of enchant weapon {unknown}
Potions
 e - a potion of brilliance {unknown}
 f - 5 potions of flight
 g - 2 potions of cancellation
 h - 2 potions of attraction {unknown}
 k - a potion of curing
 r - a potion of mutation {unknown}


   Skills:
 - Level 4.0 Fighting
 - Level 4.0 Maces & Flails
 - Level 4.0 Dodging
 - Level 4.0 Stealth
 + Level 4.9 Spellcasting
 * Level 9.4 Summonings
 + Level 3.1 Ice Magic
 - Level 4.0 Invocations


You had 4 spell levels left.
You knew the following spells:

 Your Spells              Type           Power      Damage    Failure   Level
a - Summon Small Mammal   Summ           100%       N/A       1%          1
b - Call Imp              Summ           44%        N/A       1%          2
c - Call Canine Familiar  Summ           44%        N/A       1%          3
d - Summon Guardian Gole  Hex/Summ       24%        N/A       6%          3
e - Summon Ice Beast      Ice/Summ       31%        N/A       11%         4

Your spell library contained the following spells:

 Spells                   Type           Power      Damage    Failure   Level
 Beastly Appendage        Tmut           10%        N/A       14%         1
 Magic Dart               Conj           20%        1d4       14%         1
 Summon Lightning Spire   Summ/Air       24%        N/A       21%         4
 Blink                    Tloc           N/A        N/A       22%         2
 Slow                     Hex            5%         N/A       22%         2
 Wereblood                Tmut           5%         N/A       22%         2
 Conjure Flame            Conj/Fire      5%         6-21      38%         3
 Mephitic Cloud           Conj/Pois/Air  5%         N/A       38%         3
 Spider Form              Tmut/Pois      2%         N/A       38%         3
 Ice Form                 Ice/Tmut       11%        N/A       56%         4


Dungeon Overview and Level Annotations

Branches:
Dungeon (8/15)             Temple (1/1) D:4           Sewer (visited)
   Lair: D:8-11

Altars:
Ashenzari
Cheibriados
Elyvilon
Gozag
Kikubaaqudgha
Makhleb
Nemelex Xobeh
Okawaru
Qazlal
Ru
Sif Muna
Vehumet
The Shining One

Annotations:
D:5 Duvessa
D:7 2 transporters; skeletal warrior, 2ho!


Innate Abilities, Weirdness & Mutations

You are amphibious.
You cover ground slowly.
You can hop short distances.
You have an extended range of vision and can be seen from far away.


Message History

The killer bee closely misses your kobold.
Your kobold barely misses the killer bee.
Your kobold brigand hits the killer bee but does no damage.
Found 17 gold pieces.
Unknown command.
The killer bee misses your kobold. The killer bee stings your kobold!
Your kobold dies!
Your kobold's corpse dissolves into shadows!
Something barely misses your kobold brigand.
Your kobold hits the killer bee with a +0 short sword.
Your kobold brigand closely misses the killer bee.
Unknown command.
You feel better.
The killer bee completely misses your kobold.
The killer bee stings you but does no damage.
Your centaur zombie hits the killer bee.
Your centaur zombie misses the killer bee.
The killer bee stings you but does no damage.
Your kobold hits the killer bee with a +0 short sword.
The killer bee stings you but does no damage.
Unknown command.
Casting: Call Imp (safe; 1% risk of failure)
Confirm with . or Enter, or press ? or * to list all spells.
The killer bee closely misses you. The killer bee stings you.
* * * LOW HITPOINT WARNING * * *
The killer bee stings you but does no damage.
The killer bee stings you.
* * * LOW HITPOINT WARNING * * *
The killer bee barely misses you.
Your kobold closely misses the killer bee.
The killer bee barely misses you.
Unknown command.
You feel better. The killer bee stings you.
* * * LOW HITPOINT WARNING * * *
The killer bee closely misses you. The killer bee stings you!
* * * LOW HITPOINT WARNING * * *
You are lethally poisoned!
The killer bee poisons you! The killer bee barely misses you.
The killer bee stings you.
You die...

.# #.# ## .# #.# ### .#
.# #.# ..# .. .# #.# #.#
.# .# #.# #.# .# .# #.#
##.# $## .#
#.###..#####..## .###
#.##..)..yy....# ...#
#.....♣K.y@h♣.....#
##.####.##..K.Kyy....####
#......###.Z#####..##
##.#########.# .##
...........#+# .#
############ .# ##


You could see 5 killer bees, a friendly kobold brigand (summoned), a friendly
hound (summoned), a friendly centaur zombie (summoned) and 2 friendly kobolds.

Vanquished Creatures
  A two-headed ogre (D:8)
  An acid dragon (D:8)
  A water moccasin (D:4)
  A black bear (D:6)
  A centaur (D:5)
  2 phantoms (D:4)
  2 water moccasin skeletons
  A killer bee (D:8)
  4 wights (D:5)
  A crimson imp (D:6)
  A jelly (D:5)
  A centaur skeleton (D:5)
  A bullfrog skeleton (D:5)
  An iguana (D:3)
  A merfolk avatar (Sewer)
  2 merfolk sirens (Sewer)
  A gnoll (D:8)
  7 adders
  A river rat (Sewer)
  A white imp (D:8)
  2 dart slugs
  2 bats
  8 endoplasms
  3 giant cockroaches
  7 hobgoblins
  2 jackals (D:5)
  3 kobolds
  7 quokkas
  8 ball pythons
  11 frilled lizards
  5 goblins
  25 rats
115 creatures vanquished.

Vanquished Creatures (collateral kills)
  A sky beast (D:6)
  An ogre (D:5)
  A phantom (D:4)
  4 scorpions
  A water moccasin zombie (D:3)
  A water moccasin skeleton (D:2)
  Dowan (D:5)
  A wight (D:5)
  A bullfrog zombie (D:6)
  A hound (D:5)
  A bullfrog skeleton (D:6)
  2 gnolls (D:8)
  A howler monkey skeleton (D:7)
  An adder (D:4)
  A river rat (Sewer)
  A worm (D:4)
  An orc (D:8)
  2 bats
  2 goblins (D:2)
  2 hobgoblins
  8 jackals
  A quokka (Sewer)
  2 frilled lizards
  3 kobolds (D:1)
  A rat (D:1)
42 creatures vanquished.

Grand Total: 157 creatures vanquished

Notes
Turn   | Place    | Note
-------+----------+-------------------------------------------
     0 | D:1      | tilp the Barachi Summoner began the quest for the Orb.
     0 | D:1      | Reached XP level 1. HP: 13/13 MP: 3/3
   196 | D:1      | Reached skill level 1 in Fighting
   652 | D:1      | Found a faded altar of an unknown god.
   797 | D:1      | Reached XP level 2. HP: 22/22 MP: 5/5
   800 | D:1      | Learned a level 2 spell: Call Imp
  1611 | D:2      | Reached skill level 5 in Summonings
  1771 | D:2      | Noticed a scorpion
  1802 | D:2      | Killed a scorpion
  1803 | D:2      | Reached XP level 3. HP: 20/27 MP: 1/7
  1865 | D:2      | Learned a level 3 spell: Call Canine Familiar
  2104 | D:2      | Reached XP level 4. HP: 23/33 MP: 3/8
  2272 | D:2      | Reached skill level 6 in Summonings
  3046 | D:3      | Reached skill level 1 in Maces & Flails
  3046 | D:3      | Reached XP level 5. HP: 24/39 MP: 0/9
  4025 | D:4      | Found a staircase to the Ecumenical Temple.
  4036 | Temple   | Entered the Ecumenical Temple
  4093 | Temple   | Became a worshipper of Warmaster Okawaru
  4178 | D:4      | Found a glowing drain.
  4206 | Sewer    | Entered a sewer
  4383 | Sewer    | Reached XP level 6. HP: 47/47 MP: 10/10
  5572 | D:4      | Noticed a water moccasin
  5595 | D:4      | Killed a water moccasin
  5848 | D:4      | Reached XP level 7. HP: 35/54 MP: 11/11
  6009 | D:4      | Reached * piety under Okawaru
  7259 | D:5      | Entered Level 5 of the Dungeon
  7487 | D:5      | Reached XP level 8. HP: 48/59 MP: 13/13
  7548 | D:5      | Reached skill level 7 in Summonings
  7645 | D:5      | Learned a level 3 spell: Summon Guardian Golem
  7650 | D:5      | Learned a level 4 spell: Summon Ice Beast
  7679 | D:5      | Reached ** piety under Okawaru
  8084 | D:5      | Reached skill level 8 in Summonings
  8085 | D:5      | Reached skill level 1 in Invocations
  8560 | D:5      | Noticed Duvessa
  8560 | D:5      | Noticed Dowan
  8699 | D:5      | Killed Dowan
  9974 | D:6      | Found a burning altar of Makhleb.
 10061 | D:7      | Found an ancient bone altar of Kikubaaqudgha.
 10213 | D:7      | Found a broken altar of Ashenzari.
 10317 | D:7      | Noticed a troll
 10317 | D:7      | Noticed a two-headed ogre
 10318 | D:7      | Found a radiant altar of Vehumet.
 10319 | D:7      | Noticed a manticore
 10456 | D:7      | Found a sparkling altar of Nemelex Xobeh.
 10527 | D:7      | Found a transporter.
 10530 | D:7      | Found a transporter.
 10533 | D:7      | Noticed a purple ugly thing
 10697 | D:7      | Noticed a skeletal warrior
 10697 | D:7      | Noticed a two-headed ogre
 10932 | D:8      | Reached skill level 1 in Ice Magic
 11203 | D:8      | Noticed a two-headed ogre
 11219 | D:8      | Killed a two-headed ogre
 11219 | D:8      | Reached *** piety under Okawaru
 11219 | D:8      | Reached **** piety under Okawaru
 11220 | D:8      | Reached skill level 9 in Summonings
 11220 | D:8      | Reached XP level 9. HP: 42/65 MP: 13/16
 11243 | D:8      | HP: 3/65 [killer bee (5)]
 11244 | D:8      | Slain by a killer bee

Illustrated notes

Levels and vault maps discovered:
D:1:      shiori_arrival_elements, layout_loops_corners,
          hellmonk_ecumenical_altar_crossroads
D:2:      minmay_general_purpose_star, layout_loops_ring
D:3:      layout_basic
D:4:      layout_loops_ring, minmay_temple_entry_water_ring,
          portal_sewer_entry_a
D:5:      layout_gridville, uniq_duvessa
D:6:      layout_gridville, makhleb_grotto_becter
D:7:      layout_basic, lemuel_tele_altar, gammafunk_temple_overflow_arena,
          amcnicky_altar_gilded, nemelex_diamond_rough_becter,
          kennysheep_big_empty_room, kb_rosetta
D:8:      layout_loops_ring, grunt_ministairs_15
Temple:   regret_index_temple_generic_petals

Skill      XL: |  1  2  3  4  5  6  7  8 |
---------------+-------------------------+-----
Fighting       | 1 2 3 4 |  4.0
Summonings     | 5 6 9 |  9.4
Spellcasting   | 3 4 |  4.9
Stealth        | 2 3 4 |  4.0
Maces & Flails | 1 3 4 |  4.0
Dodging        | 3 4 |  4.0
Invocations    | 4 |  4.0
Ice Magic      | 3 |  3.1

Action                   |  1- 3 |  4- 6 |  7- 9 || total
-------------------------+-------+-------+-------++-------
Melee: Unarmed           |    10 |       |       ||    10
       Dagger            |     4 |       |       ||     4
       Spear             |    35 |       |       ||    35
       Morningstar       |    23 |   185 |   155 ||   363
       Punch             |       |       |     1 ||     1
Throw: Dart              |       |       |     1 ||     1
 Cast: Summon Small Mamm |    20 |       |       ||    20
       Call Imp          |    13 |    23 |    40 ||    76
       Call Canine Famil |       |     7 |    20 ||    27
Invok: Heroism           |       |       |     4 ||     4
 Abil: Hop               |     2 |     1 |     6 ||     9
  Use: Scroll            |     4 |     5 |     7 ||    16
       Potion            |       |     1 |     5 ||     6
 Stab: Sleeping          |     2 |    12 |     4 ||    18
       Distracted        |       |     2 |     3 ||     5
Armor: Robe              |    14 |    55 |    33 ||   102
       Leather armour    |       |       |    28 ||    28
Dodge: Dodged            |    47 |   131 |   140 ||   318

Table legend: (Time is in decaauts)
 A = Elapsed time spent in this place.
 B = Non-inter-level travel time spent in this place.
 C = Inter-level travel time spent in this place.
 D = Time resting spent in this place.
 E = Time spent auto-exploring this place.
 F = Levels seen in this place.
 G = Mean time per level.
                   A        B        C        D        E       F      G
               +--------+--------+--------+--------+--------+-----+--------+
         Total |  12506 |  11897 |    609 |   3004 |   6857 |  10 | 1250.6 |
       Dungeon |  10919 |  10355 |    564 |   2252 |   6541 |   8 | 1364.9 |
        Temple |    114 |     69 |     45 |      0 |      0 |   1 |  114.0 |
         Sewer |   1471 |   1471 |      0 |    752 |    315 |   1 | 1471.0 |
               +--------+--------+--------+--------+--------+-----+--------+

Top non-repeatable levels by time:
     D:5: 2181 daAuts
     D:4: 1981 daAuts
     D:2: 1739 daAuts
     D:1: 1635 daAuts
   Sewer: 1471 daAuts
     D:3: 1167 daAuts
     D:6: 841 daAuts
     D:7: 807 daAuts
     D:8: 565 daAuts
  Temple: 114 daAuts
